 Dungeon Crawl Stone Soup version 0.23-a0-436-g57debff (webtiles) character file.

14849 nikopol the Thaumaturge (level 11, -8/55 HPs)
             Began as a Deep Elf Fire Elementalist on Nov 16, 2018.
             Was an Elder of Vehumet.
             Killed from afar by a lindwurm (14 damage)
             ... with a blast of flame
             ... on level 1 of the Lair of Beasts.
             The game lasted 00:39:29 (12549 turns).

nikopol the Thaumaturge (DEFE)                     Turns: 12549, Time: 00:39:30

Health: -8/55      AC: 10    Str:  5    XL:     11   Next: 94%
Magic:  9/30       EV: 15    Int: 24    God:    Vehumet [****..]
Gold:   562        SH:  0    Dex: 15    Spells: 11/37 levels left

rFire    + . .     SeeInvis +   l - +2 dagger (venom)
rCold    x . .     Gourm    .   (no shield)
rNeg     + . .     Faith    .   I - +2 robe {rN+}
rPois    .         Spirit   .   f - +2 helmet
rElec    .         Reflect  .   r - scarf {repulsion}
rCorr    .         Harm     .   (no gloves)
MR       +....                  K - +2 pair of boots
Stlth    +++.......             (no amulet)
HPRegen  0.18/turn              n - ring of see invisible
MPRegen  0.22/turn              D - ring of fire

@: frozen, repel missiles, very slow
A: no striking features
a: Renounce Religion


You were on level 1 of the Lair of Beasts.
You worshipped Vehumet.
Vehumet was greatly pleased with you.
You were not hungry.

You visited 2 branches of the dungeon, and saw 11 of its levels.
You also visited: Sewer.

You collected 994 gold pieces.
You spent 432 gold pieces at shops.

Inventory:

Hand Weapons
 l - a +2 dagger of venom (weapon)
Armour
 f - a +2 helmet (worn)
 r - a scarf of repulsion (worn)
 C - a scarf of resistance
 I - a +2 robe of positive energy (worn)
 K - a +2 pair of boots (worn)
Jewellery
 n - a ring of see invisible (left hand)
 u - a +2 ring of dexterity
 A - an uncursed ring of flight
 D - a ring of fire (right hand)
Wands
 a - a wand of flame (20)
 q - a wand of iceblast (12)
 z - a wand of scattershot (4)
 E - a wand of clouds (3)
 G - a wand of polymorph (7)
 L - a wand of random effects (17)
 M - a wand of acid (5)
Scrolls
 e - 5 scrolls of remove curse
 p - a scroll of blinking
 s - 2 scrolls of enchant armour {unknown}
 x - 2 scrolls of fear {unknown}
 y - 2 scrolls of random uselessness {unknown}
 B - a scroll of magic mapping
 H - 2 scrolls of enchant weapon {unknown}
 J - 3 scrolls of noise {unknown}
 O - a scroll of summoning {unknown}
Potions
 b - 2 potions of haste {unknown}
 d - 3 potions of flight
 g - 2 potions of heal wounds {unknown}
 h - 3 potions of brilliance
 i - 2 potions of might
 j - 2 potions of berserk rage
 k - 5 potions of curing
 m - 7 potions of lignification
 o - a potion of mutation {unknown}
 t - 3 potions of invisibility
 v - a potion of degeneration {unknown}
 w - 3 potions of agility {unknown}
 F - a potion of cancellation {unknown}
Comestibles
 c - 20 rations
 N - a chunk of flesh


   Skills:
 + Level 0.8 Fighting
 + Level 5.1 Dodging
 + Level 5.6 Stealth
 + Level 13.9 Spellcasting
 + Level 10.7 Conjurations
 + Level 10.8 Fire Magic
 * Level 7.4 Earth Magic


You had 11 spell levels left.
You knew the following spells:

 Your Spells              Type           Power        Failure   Level  Hunger
a - Flame Tongue          Conj/Fire      #####        1%          1    None
b - Throw Flame           Conj/Fire      ######       1%          2    None
c - Conjure Flame         Conj/Fire      #######.     1%          3    None
d - Sticky Flame          Conj/Fire      #######.     1%          4    None
e - Fireball              Conj/Fire      #######...   1%          5    ###....
f - Iron Shot             Conj/Erth      ######....   3%          6    #####..
g - Bolt of Magma         Conj/Fire/Erth #######...   1%          5    ###....

Your spell library contained the following spells:

 Spells                   Type           Power        Failure   Level  Hunger
 Lightning Bolt           Conj/Air       #####.....   3%          5    ###....
 Sting                    Conj/Pois      ####         1%          1    None
 Inner Flame              Hex/Fire       ######..     1%          3    None
 Mephitic Cloud           Conj/Pois/Air  ####....     1%          3    None
 Fulminant Prism          Conj/Hex       #####.....   1%          4    None
 Confusing Touch          Hex            ###...       3%          1    None
 Iskenderun's Battlesphe  Conj/Chrm      #####...     3%          5    ###....
 Venom Bolt               Conj/Pois      #####.....   3%          5    ###....
 Poisonous Vapours        Pois/Air       ###...       5%          2    None
 Petrify                  Tmut/Erth      ####....     8%          4    None
 Olgreb's Toxic Radiance  Pois           ###.....     10%         4    None
 Orb of Destruction       Conj           ######....   10%         7    ######.
 Confuse                  Hex            ###.....     11%         3    None
 Gell's Gravitas          Tloc           ###.......   11%         3    None
 Conjure Ball Lightning   Conj/Air       #####.....   16%         6    #####..
 Yara's Violent Unravell  Hex/Tmut       ###.......   24%         5    ###....
 Freezing Cloud           Conj/Ice/Air   ####......   30%         6    #####..
 Spellforged Servitor     Conj/Summ      #####.....   58%         7    ######.
 Metabolic Englaciation   Hex/Ice        ###.......   69%         5    ###....


Dungeon Overview and Level Annotations

Branches:
Dungeon (10/15)            Temple (0/1) D:5            Lair (1/6) D:10
    Orc (0/2) D:10

Altars:
Ashenzari
Dithmenos
Gozag
Hepliaklqana
Trog
Uskayaw
Vehumet

Shops:
D:4 *   D:5 (   D:9 *   D:10 *


Message History

Confirm with . or Enter, or press ? or * to list all spells.
Aiming: Sticky Flame (safe; 1% risk of failure)
Press: ? - help, Shift-Dir - straight line, f - lindwurm, p - rime drake
Aim: a lindwurm You feel a surge of power!
The sticky flame hits the lindwurm.
The lindwurm is lightly wounded.
The lindwurm is covered in liquid flames!
The ice encasing you melts away.
The lindwurm burns!
The rime drake burns!
The blink frog hits you but does no damage.
The lindwurm burns!
The rime drake burns!
The rime drake breathes ice at you. The flash freeze hits you!
You feel a painful chill!
* * * LOW HITPOINT WARNING * * *
You are encased in ice.
The blink frog hits you!
* * * LOW HITPOINT WARNING * * *
The lindwurm breathes flames at you. The blast of flame hits you! You resist.
You die...

.P#.#.... ##.......#..[..#
........###P.............#
........# ##.:##≈..#.....#
........# #..###..#.....#
###.....# #..# #..#..##.#
..#.....#( #..## .....
#.#.....#. #..≈##..#.
#.#.....#..##.k.F..#
#.......#.k#..k.@..#
#.#.....###.#.#....#
#.#.....##%..#######
#.#.....##.?#S.)#
..#.....#### .†.)#
........# ##### ###.......
.......... .###+#.#


You could see a lindwurm (burning), a blink frog and a rime drake (burning).

Vanquished Creatures
  2 hydras (Lair:1)
  A centaur warrior (D:10)
  3 two-headed ogres
  Pikel (D:4)
  A deep elf mage (D:10)
  An ugly thing (D:10)
  A manticore (D:10)
  Joseph (D:9)
  2 komodo dragons
  3 hippogriffs
  A centaur simulacrum (D:10)
  4 yaks (Lair:1)
  A shadow (D:9)
  A wraith (D:10)
  A hungry ghost (D:10)
  Eustachio (D:5)
  3 wargs
  A water moccasin (Lair:1)
  3 porcupines (Lair:1)
  5 sky beasts
  2 orc warriors
  5 ice beasts
  2 black bears (D:8)
  An eye of draining (D:10)
  4 wolves (Lair:1)
  A phantom (D:6)
  3 centaurs
  6 ogres
  3 big kobolds
  2 crocodiles
  8 bullfrogs
  3 scorpions
  6 wights
  15 killer bees
  3 howler monkeys
  2 crimson imps (D:5)
  6 jellies
  A quasit (D:7)
  2 hounds
  A centaur skeleton (D:10)
  7 orc priests
  A bullfrog skeleton (D:2)
  An iguana (D:8)
  Terence (D:2)
  6 worker ants
  8 orc wizards
  A howler monkey zombie (D:10)
  A worker ant zombie (D:5)
  15 adders
  4 shadow imps
  5 oozes (D:9)
  An adder zombie (D:7)
  6 worms
  4 leopard geckos
  21 orcs
  4 ball pythons
  7 giant cockroaches
  5 goblins
  5 hobgoblins
  6 jackals
  4 quokkas
  13 bats
  4 frilled lizards
  A jackal skeleton (D:6)
  7 kobolds
  A leopard gecko zombie (D:5)
  A quokka skeleton (D:5)
  9 rats
262 creatures vanquished.

Vanquished Creatures (others)
  A slave (D:4)
  A worker ant (D:4)
  A worm (D:3)
  2 fungi (Lair:1)
  A plant (Lair:1)
6 creatures vanquished.

Grand Total: 268 creatures vanquished

Notes
Turn   | Place    | Note
-------+----------+-------------------------------------------
     0 | D:1      | nikopol the Deep Elf Fire Elementalist began the quest for
                  | the Orb.
     0 | D:1      | Reached XP level 1. HP: 10/10 MP: 6/6
   146 | D:1      | Reached XP level 2. HP: 11/15 MP: 1/8
   210 | D:1      | Learned a level 2 spell: Throw Flame
   869 | D:2      | Reached XP level 3. HP: 19/19 MP: 5/10
   992 | D:2      | Reached skill level 4 in Spellcasting
   992 | D:2      | Reached XP level 4. HP: 17/24 MP: 4/12
  1000 | D:2      | Learned a level 3 spell: Conjure Flame
  1005 | D:2      | Learned a level 4 spell: Sticky Flame
  1353 | D:2      | Noticed Terence
  1371 | D:2      | Killed Terence
  2048 | D:2      | Reached XP level 5. HP: 28/28 MP: 11/13
  2190 | D:3      | Found a radiant altar of Vehumet.
  2685 | D:3      | Became a worshipper of Vehumet
  2892 | D:4      | Found a glowing drain.
  2897 | Sewer    | Entered a sewer
  3072 | Sewer    | Noticed a crocodile
  3082 | Sewer    | Killed a crocodile
  3082 | Sewer    | Reached skill level 5 in Spellcasting
  3241 | D:4      | Reached XP level 6. HP: 32/32 MP: 8/16
  3299 | D:4      | Learned a level 5 spell: Fireball
  3392 | D:4      | Reached skill level 5 in Fire Magic
  3469 | D:4      | Noticed a sky beast
  3487 | D:4      | Killed a sky beast
  3487 | D:4      | Reached skill level 6 in Spellcasting
  3559 | D:4      | Noticed a slave
  3626 | D:4      | Found Vame's Assorted Antiques.
  3668 | D:4      | Noticed Pikel
  3669 | D:4      | Noticed a slave
  3670 | D:4      | Noticed a slave
  3670 | D:4      | Noticed a slave
  3693 | D:4      | Killed Pikel
  3693 | D:4      | Reached skill level 7 in Spellcasting
  3693 | D:4      | Reached XP level 7. HP: 36/36 MP: 3/19
  4029 | D:4      | Reached skill level 5 in Conjurations
  4029 | D:4      | Reached XP level 8. HP: 41/41 MP: 18/21
  4057 | D:4      | Learned a level 6 spell: Iron Shot
  4381 | D:5      | Entered Level 5 of the Dungeon
  4438 | D:5      | Noticed Eustachio
  4462 | D:5      | Killed Eustachio
  4462 | D:5      | Reached skill level 8 in Spellcasting
  4485 | D:5      | Found a staircase to the Ecumenical Temple.
  4693 | D:5      | Reached * piety under Vehumet
  4693 | D:5      | Offered knowledge of Sandblast by Vehumet.
  4713 | D:5      | Found Kusamp's Antique Weapon Emporium.
  4806 | D:5      | Reached skill level 5 in Stealth
  5037 | D:6      | You fall through a shaft!
  5184 | D:7      | Noticed a +0 dagger
  5185 | D:7      | Noticed a +0 hand axe
  5188 | D:7      | Found a hide-covered altar of Uskayaw.
  5248 | D:6      | Reached skill level 9 in Spellcasting
  5919 | D:6      | Reached XP level 9. HP: 45/45 MP: 21/24
  6405 | D:6      | Reached skill level 10 in Spellcasting
  6407 | D:6      | Offered knowledge of Throw Frost by Vehumet.
  6414 | D:6      | Reached ** piety under Vehumet
  6740 | D:6      | Found a hazy altar of Hepliaklqana.
  7175 | D:7      | Found an opulent altar of Gozag.
  7394 | D:8      | Found a bloodstained altar of Trog.
  7406 | D:8      | Reached skill level 1 in Earth Magic
  7414 | D:8      | Noticed a two-headed ogre
  7425 | D:8      | Killed a two-headed ogre
  7425 | D:8      | Reached skill level 11 in Spellcasting
  7903 | D:8      | Reached XP level 10. HP: 51/51 MP: 16/27
  8707 | D:9      | Offered knowledge of Stone Arrow by Vehumet.
  8995 | D:9      | Found a shattered altar of Ashenzari.
  9086 | D:9      | Reached skill level 12 in Spellcasting
  9153 | D:9      | Found Ahuu's General Store.
  9163 | D:9      | Reached *** piety under Vehumet
  9216 | D:9      | Noticed Joseph
  9219 | D:9      | Killed Joseph
  9394 | D:9      | Found a shadowy altar of Dithmenos.
 10016 | D:4      | Bought a curved runed staff for 324 gold pieces
 10016 | D:4      | Bought a scroll of identify for 54 gold pieces
 10016 | D:4      | Bought a scroll of identify for 54 gold pieces
 10138 | D:10     | Entered Level 10 of the Dungeon
 10209 | D:9      | Offered knowledge of Iskenderun's Mystic Blast by Vehumet.
 10522 | D:10     | Reached skill level 5 in Earth Magic
 10612 | D:10     | Noticed a deep elf mage
 10668 | D:10     | Killed a deep elf mage
 10674 | D:10     | Reached skill level 5 in Dodging
 10773 | D:10     | Noticed a two-headed ogre
 10788 | D:10     | Killed a two-headed ogre
 10788 | D:10     | Reached XP level 11. HP: 55/55 MP: 16/29
 10945 | D:10     | Noticed a centaur warrior
 10963 | D:10     | Killed a centaur warrior
 10963 | D:10     | Reached skill level 10 in Fire Magic
 11010 | D:10     | Noticed a two-headed ogre
 11101 | D:10     | Reached **** piety under Vehumet
 11221 | D:10     | Killed a two-headed ogre
 11221 | D:10     | Reached skill level 13 in Spellcasting
 11229 | D:10     | Noticed a brown ugly thing
 11232 | D:10     | Killed a brown ugly thing
 11232 | D:10     | Reached skill level 10 in Conjurations
 11454 | D:10     | Offered knowledge of Lightning Bolt by Vehumet.
 11476 | D:10     | Found a staircase to the Lair.
 11587 | D:10     | Found a staircase to the Orcish Mines.
 11913 | D:10     | Found Voameno's Assorted Antiques.
 11934 | Lair:1   | Entered Level 1 of the Lair of Beasts
 11955 | Lair:1   | Noticed a six-headed hydra
 11966 | Lair:1   | Killed a six-headed hydra
 12159 | Lair:1   | Identified the Almanac of Attacks
 12170 | Lair:1   | Noticed a five-headed hydra
 12173 | Lair:1   | Killed a five-headed hydra
 12520 | Lair:1   | Learned a level 5 spell: Bolt of Magma
 12542 | Lair:1   | Noticed a lindwurm
 12549 | Lair:1   | Killed from afar by a lindwurm

Vault maps used:
D:1:      kilobyte_arrival_exit_the_forest
D:2:      grunt_ministairs_11, uniq_terence
D:3:      fiery_altar_vehumet, first_ration, minivault_11
D:4:      serial_shops, shop, portal_sewer_entry_e, uniq_pikel
D:5:      temple_statues, serial_shops, nicolae_shop_stone, uniq_eustachio
D:6:      lemuel_round_altar
D:7:      dancing_weapons_uskayaw,
          nicolae_gozag_cash_rules_everything_around_me,
          kennysheep_generic_room_14
D:8:      trog_ov_bears_minmay
D:9:      nicolae_dithmenos_the_darkroom, serial_shops, shop_coins,
          hangedman_little_slice_of_home, small_chamber_with_monster,
          evilmike_ruin_ashenzari, uniq_joseph
D:10:     erik_lair_orcish_takeover, orc_0_dummy, serial_shops, kennysheep_mini,
          minivault_28
Lair:1:   hangedman_lair_generics_rect
Sewer:    sewer_big_baddie

Skill      XL: |  1  2  3  4  5  6  7  8  9 10 11 |
---------------+----------------------------------+-----
Dodging        | 3 4 5 |  5.1
Fire Magic     | 4 6 7 8 9 10 | 10.8
Spellcasting   | 4 5 7 9 11 12 13 | 13.9
Stealth        | 3 4 5 |  5.6
Conjurations   | 2 4 5 7 9 10 | 10.7
Earth Magic    | 2 5 7 |  7.4
Fighting       | |  0.8

Action                   |  1- 3 |  4- 6 |  7- 9 | 10-12 || total
-------------------------+-------+-------+-------+-------++-------
Melee: Dagger            |       |       |     6 |       ||     6
 Cast: Flame Tongue      |    54 |   107 |   191 |   181 ||   533
       Conjure Flame     |       |     4 |     5 |     7 ||    16
       Throw Flame       |       |     3 |     6 |    18 ||    27
       Sticky Flame      |       |     2 |    22 |    33 ||    57
       Fireball          |       |       |     2 |    39 ||    41
       Iron Shot         |       |       |       |     6 ||     6
  Use: Scroll            |       |     6 |     6 |     2 ||    14
 Stab: Sleeping          |       |       |     1 |       ||     1
  Eat: Chunk             |       |     9 |    10 |    12 ||    31
       Ration            |       |       |     1 |     2 ||     3
Armor: Robe              |     5 |     5 |     9 |    13 ||    32
Dodge: Dodged            |    20 |    17 |    47 |    26 ||   110
       Deflected         |       |       |     3 |     6 ||     9

Table legend:
 A = Non-vault XP
 B = Vault XP
 C = Vault XP percentage of total XP
 D = Non-vault monster count
 E = Vault monster count
 F = Vault count percentage of total count
                 A         B        C        D         E       F
            +---------+---------+-------+---------+---------+-------
      Total |   13636 |    7577 |  35.7 |     206 |      56 |  21.4
            +---------+---------+-------+---------+---------+-------
        D:1 |      38 |       0 |   0.0 |      21 |       0 |   0.0
        D:2 |     119 |      39 |  24.7 |      21 |       3 |  12.5
        D:3 |      24 |       0 |   0.0 |       6 |       0 |   0.0
        D:4 |     447 |     688 |  60.6 |      13 |       9 |  40.9
        D:5 |     511 |     185 |  26.6 |      15 |       1 |   6.2
        D:6 |    1163 |       0 |   0.0 |      31 |       0 |   0.0
        D:7 |     423 |     106 |  20.0 |      11 |       1 |   8.3
        D:8 |    2273 |     257 |  10.2 |      23 |       2 |   8.0
        D:9 |    1597 |    1000 |  38.5 |      25 |      11 |  30.6
       D:10 |    2674 |    4496 |  62.7 |      23 |      19 |  45.2
     Lair:1 |    4367 |     697 |  13.8 |      17 |       4 |  19.0
      Sewer |       0 |     109 | 100.0 |       0 |       6 | 100.0
            +---------+---------+-------+---------+---------+-------
